 Dungeon Crawl Stone Soup version 0.25-a0-503-ge281fa673e (webtiles) character file.

Game seed: 12808519840220806495, levelgen mode: classic

508 EnegeticOcto the Chopper (level 6, -9/57 HPs)
             Began as a Deep Dwarf Fighter on Feb 13, 2020.
             Blown up by Pikel (13 damage)
             ... with a disintegration bolt
             ... on level 4 of the Dungeon.
             The game lasted 00:01:12 (1224 turns).

EnegeticOcto the Chopper (Deep Dwarf Fighter)       Turns: 1224, Time: 00:01:13

Health: -9/57      AC:  8    Str: 24    XL:     6   Next: 98%
Magic:  1/1        EV:  7    Int:  9    God:
Gold:   165        SH: 10    Dex: 12    Spells: 5/5 levels left

rFire    . . .     SeeInvis .   a - +0 war axe
rCold    . . .     Gourm    .   c - +0 kite shield
rNeg     . . .     Faith    .   b - +0 scale mail
rPois    .         Spirit   .   (no helmet)
rElec    .         Reflect  .   (no cloak)
rCorr    .         Harm     .   (no gloves)
MR       .....                  m - +0 pair of boots
Stlth    ..........             (no amulet)
HPRegen  0.00/turn              p - +3 ring of strength
MPRegen  0.07/turn              (no ring)

@: non-regenerating
A: damage resistance, heal wounds, sense surroundings 1, no regeneration
a: Heal Wounds


You were on level 4 of the Dungeon.
You were hungry.

You visited 1 branch of the dungeon, and saw 4 of its levels.

You collected 165 gold pieces.

Inventory:

Hand Weapons
 a - a +0 war axe (weapon)
Armour
 b - a +0 scale mail (worn)
 c - a +0 kite shield (worn)
 m - a +0 pair of boots (worn)
Jewellery
 p - a +3 ring of strength (left hand)
Scrolls
 h - a scroll of noise {unknown}
 i - a scroll of fear {unknown}
 k - 3 scrolls of identify {unknown}
 n - 2 scrolls of teleportation {unknown}
 o - a scroll of immolation {unknown}
 q - a scroll of random uselessness {unknown}
 t - a scroll of remove curse {unknown}
 v - 2 scrolls of blinking {unknown}
Potions
 d - a potion of might {@q3}
 f - a potion of ambrosia {unknown}
 j - 2 potions of haste {unknown}
 l - a potion of invisibility {unknown}
 r - 2 potions of curing {unknown}
 s - a potion of berserk rage {unknown}
 u - a potion of brilliance {unknown}
Comestibles
 e - 6 rations
 g - 7 chunks of flesh


   Skills:
 + Level 4.0 Fighting
 * Level 5.4 Axes
 + Level 4.8 Armour
 + Level 4.8 Shields


You had 5 spell levels left.
You didn't know any spells.
Your spell library was empty.

Dungeon Overview and Level Annotations

Branches:
Dungeon (4/15)
 Temple: D:4-7

Altars:
Nemelex Xobeh
Xom

Annotations:
D:3 exclusion: gnoll
D:4 Pikel


Innate Abilities, Weirdness & Mutations

You are resistant to damage.
You can heal yourself by infusing magical energy.
You passively map a small area around you.
You do not regenerate.


Message History

The slave is severely wounded.
You closely miss Pikel. Pikel hits you but does no damage.
You block the slave's attack.
Pikel zaps a wand.
You are blasted!
* * * LOW HITPOINT WARNING * * *
You are too injured to fight recklessly!
You are too injured to fight recklessly!
You are too injured to fight recklessly!
You are too injured to fight recklessly!
You are too injured to fight recklessly!
You feel much better. You block the slave's attack. You block Pikel's attack.
You fail to use your ability.
You block the slave's attack. Pikel hits you but does no damage.
You barely miss Pikel.
Pikel is moderately wounded.
You closely miss the slave. You block the slave's attack.
Pikel closely misses you. The slave hits you but does no damage.
You closely miss Pikel.
Pikel is moderately wounded.
You completely miss the slave. You block Pikel's attack.
The slave hits you but does no damage.
You are feeling hungry.
You closely miss Pikel.
Pikel is moderately wounded.
You closely miss the slave. Pikel closely misses you.
The slave hits you but does no damage.
Some of the chunks of flesh in your inventory have rotted away.
Your shield and scale mail prevent you from hitting Pikel.
Pikel is moderately wounded.
You hit the slave but do no damage. Pikel waves his whip at you.
Pikel barely misses you. You block the slave's attack.
Pikel cracks his whip.
You block Pikel's attack.
You slash Pikel!
Pikel is heavily wounded.
You closely miss the slave. You block the slave's attack.
Pikel cracks his whip.
You block Pikel's attack. The slave hits you.
You barely miss Pikel.
Pikel is heavily wounded.
You hit the slave. You block Pikel's attack. The slave misses you.
You hit Pikel.
Pikel is heavily wounded.
You hit the slave but do no damage.
Pikel hits you with a +0 whip of freezing.
Pikel freezes you. The slave hits you. Pikel closely misses you.
You miss Pikel.
Pikel is heavily wounded.
You barely miss the slave. The slave hits you! You block Pikel's attack.
You block the slave's attack.
You fail to use your ability.
You block Pikel's attack. You block the slave's attack.
Your magical essence is drained by the effort!
You feel much better.
Pikel hits you with a +0 whip of freezing.
Pikel freezes you. The slave hits you.
You hit Pikel but do no damage.
Pikel is heavily wounded.
You barely miss the slave.
Pikel hits you with a +0 whip of freezing.
Pikel freezes you. You block the slave's attack.
You barely miss Pikel.
Pikel is heavily wounded.
You hit the slave but do no damage.
Pikel hits you with a +0 whip of freezing.
Pikel freezes you. You block the slave's attack. You block Pikel's attack.
You completely miss Pikel.
Pikel is heavily wounded.
You slash the slave! You block the slave's attack.
Pikel zaps a wand.
You are blasted!
You hit Pikel but do no damage.
Pikel is heavily wounded.
You hit the slave.
You kill the slave!
That felt strangely unrewarding.
Pikel zaps a wand.
You resist with significant effort. The slave hits you!
* * * LOW HITPOINT WARNING * * *
You hit Pikel but do no damage.
Pikel is heavily wounded.
You barely miss the slave.
Pikel hits you with a +0 whip of freezing.
Pikel freezes you. The slave hits you but does no damage.
Pikel hits you but does no damage.
You hit Pikel.
Pikel is severely wounded.
You closely miss the slave. The slave hits you.
* * * LOW HITPOINT WARNING * * *
Pikel hits you but does no damage.
You closely miss Pikel.
Pikel is severely wounded.
You slash the slave! You block the slave's attack.
Pikel hits you with a +0 whip of freezing.
* * * LOW HITPOINT WARNING * * *
Pikel freezes you.
You barely miss Pikel.
Pikel is severely wounded.
You hit the slave. The slave hits you.
* * * LOW HITPOINT WARNING * * *
Pikel zaps a wand.
You are blasted!
You die...

## * , , .# , * .# * +#
, .# , , ,.# .# * .#**##
, .# * , .#,.. * * .# ,
,, p#.#
.################p..#...
*
................@K.....>
#####################...
, , , , ############# ,
#...........##
#............#


You could see Pikel and 2 slaves.

Vanquished Creatures
  Menkaure (D:4)
  Edmund (D:4)
  2 slaves (D:4)
  Blork the orc (D:4)
  A howler monkey (D:4)
  3 worker ants (D:4)
  4 gnolls
  An adder (D:4)
  2 worms
  2 dart slugs (D:1)
  A leopard gecko (D:3)
  3 orcs
  A giant cockroach (D:3)
  5 goblins
  3 hobgoblins
  4 jackals (D:4)
  4 kobolds
  2 quokkas
  2 bats (D:3)
  4 frilled lizards
  A quokka skeleton (D:4)
  3 rats
51 creatures vanquished.

Notes
Turn   | Place    | Note
-------+----------+-------------------------------------------
     0 | D:1      | EnegeticOcto the Deep Dwarf Fighter began the quest for the
                  | Orb.
     0 | D:1      | Reached XP level 1. HP: 20/20 MP: 1/1
    56 | D:1      | Reached XP level 2. HP: 20/27 MP: 1/1
   350 | D:2      | Reached skill level 3 in Axes
   489 | D:2      | Reached XP level 3. HP: 23/33 MP: 2/2
   637 | D:3      | Found a shimmering altar of Xom.
   853 | D:4      | Noticed Blork the orc
   860 | D:4      | Reached XP level 4. HP: 32/42 MP: 2/2
   875 | D:4      | Killed Blork the orc
   875 | D:4      | Reached skill level 4 in Axes
   875 | D:4      | Reached XP level 5. HP: 28/49 MP: 3/3
   949 | D:4      | Found a sparkling altar of Nemelex Xobeh.
   979 | D:4      | Noticed Menkaure
   994 | D:4      | Killed Menkaure
   994 | D:4      | Reached XP level 6. HP: 34/57 MP: 3/3
  1092 | D:4      | Reached skill level 5 in Axes
  1129 | D:4      | Noticed Edmund
  1147 | D:4      | Killed Edmund
  1172 | D:4      | Noticed a slave
  1179 | D:4      | Noticed Pikel
  1180 | D:4      | Noticed a slave
  1182 | D:4      | Noticed a slave
  1184 | D:4      | Noticed a slave
  1191 | D:4      | Killed a slave
  1220 | D:4      | Killed a slave
  1224 | D:4      | Blown up by Pikel

Levels and vault maps discovered:
D:1:      onia_arrival_pyramid, layout_basic, hangedman_abyss_or_decor_stabs,
          minmay_misc_feat_plants, minmay_misc_feat_secret_circle
D:2:      layout_rooms, first_ration
D:3:      layout_loops_cross, tgw_xom, minmay_overflow_temple_star_quad
D:4:      layout_basic, nemelex_altar_shiori, uniq_menkaure, uniq_pikel,
          uniq_blork_the_orc, uniq_edmund

Skill      XL: |  1  2  3  4  5  6 |
---------------+-------------------+-----
Axes           | 3 4 5 |  5.4
Fighting       | 3 4 |  4.0
Armour         | 4 |  4.8
Shields        | 4 |  4.8

Action                   |  1- 3 |  4- 6 || total
-------------------------+-------+-------++-------
Melee: War axe           |    99 |    99 ||   198
 Abil: Heal Wounds       |     2 |    13 ||    15
  Eat: Chunk             |       |     1 ||     1
Armor: Scale mail        |    64 |    70 ||   134
Dodge: Dodged            |    26 |    48 ||    74
Block: Kite shield       |    47 |    75 ||   122

Table legend:
 A = Non-vault XP
 B = Vault XP
 C = Vault XP percentage of total XP
 D = Non-vault monster count
 E = Vault monster count
 F = Vault count percentage of total count
                 A         B        C        D         E       F
            +---------+---------+-------+---------+---------+-------
      Total |     289 |     438 |  60.2 |      43 |       6 |  12.2
            +---------+---------+-------+---------+---------+-------
        D:1 |      33 |       0 |   0.0 |       9 |       0 |   0.0
        D:2 |      12 |       0 |   0.0 |       6 |       0 |   0.0
        D:3 |      22 |       5 |  18.5 |      11 |       3 |  21.4
        D:4 |     222 |     433 |  66.1 |      17 |       3 |  15.0
            +---------+---------+-------+---------+---------+-------
